 Dungeon Crawl Stone Soup version 0.31.0-11-ge490571c62 (webtiles) character file.

Game seed: 14248751114935033169

114 qw the Skirmisher (level 4, -3/25 HPs)
             Began as a Deep Elf Hunter on Feb 5, 2024.
             Killed from afar by an orc wizard (7 damage)
             ... with a magic dart
             ... on level 4 of the Dungeon.
             The game lasted 00:00:49 (2067 turns).

qw the Skirmisher (Deep Elf Hunter)                 Turns: 2067, Time: 00:00:49

Health: -3/25      AC:  7    Str: 10    XL:     4   Next: 67%
Magic:  6/6        EV: 11    Int: 14    God:
Gold:   148        SH:  0    Dex: 18    Spells: 3/3 levels left

rFire   . . .        a - +0 shortbow
rCold   . . .        (shield currently unavailable)
rNeg    . . .        b - +0 ring mail
rPois   +            (no helmet)
rElec   .            f - +0 cloak
rCorr   .            m - +0 pair of gloves
SInv    .            (no boots)
Will    .....        (no amulet)
Stlth   +            l - ring of poison resistance
HPRegen 0.24/turn    (no ring)
MPRegen 0.10/turn

%: no passive effects
@: no status effects
A: no striking features
a: no special abilities


You were on level 4 of the Dungeon.
You visited 1 branch of the dungeon, and saw 4 of its levels.

You collected 148 gold pieces.


   Skills:
 - Level 1.5 Fighting
 + Level 8.1 Ranged Weapons
 - Level 2.4 Dodging
 - Level 1.2 Stealth


You had 3 spell levels left.
You didn't know any spells.
Your spell library was empty.

Inventory:

Hand Weapons
 a - a +0 shortbow (weapon)
Armour
 b - a +0 ring mail (worn)
 f - a +0 cloak (worn)
 m - a +0 pair of gloves (worn)
Jewellery
 l - a ring of poison resistance (left hand)
Wands
 k - a wand of charming (5)
 o - a wand of digging (6)
Potions
 d - a potion of might
 e - a potion of haste
 h - a potion of curing
 i - a potion of heal wounds {unknown}
 j - a potion of invisibility {unknown}

Dungeon Overview and Level Annotations

Branches:
Dungeon (4/15)
 Temple: D:4-7

Altars:
Gozag

Annotations:
D:3 1 runed translucent door, Crazy Yiuf


Message History

The ball python constricts you.
You shoot an arrow.
The arrow hits the ball python but does no damage.
The ball python bites you but does no damage.
The ball python constricts you.
You shoot an arrow. The arrow hits the ball python.
You kill the ball python!
The orc closely misses you.
You shoot an arrow. The arrow hits the orc.
The orc is almost dead.
You shoot an arrow. The arrow hits the orc.
You kill the orc!
Something hits you.
You shoot an arrow. Something hits you but does no damage.
You shoot an arrow. Something hits you but does no damage.
You shoot an arrow. Something hits you. Something hits you but does no damage.
You shoot an arrow. Something hits you but does no damage.
You shoot an arrow.
You hear some strange, mumbled words.
A puff of flame appears from out of thin air!
The puff of flame hits you.
You shoot an arrow. Something completely misses you.
You shoot an arrow. Something hits you but does no damage.
You shoot an arrow. Something hits you.
You shoot an arrow.
You hear some strange, mumbled words.
A puff of flame appears from out of thin air!
The puff of flame hits you! Something hits you but does no damage.
You shoot an arrow.
You hear some strange, mumbled words.
A magic dart appears from out of thin air!
The magic dart hits you!
You die...

#.# ... ...
............. ..####.#
........... ....#.#
..$)...... ...#.#
......... ####..#.#
..>.... ......#.# .)..
.##...#'########{#
.........#.....)@######
.....<...#..............
.........#......########
................+
................#
................#
#...............#
.......[........#
##########......#


There were no monsters in sight!

Vanquished Creatures
  An adder (D:2)
  3 gnolls (D:2)
  A dart slug (D:3)
  2 ribbon worms (D:2)
  4 orcs (D:4)
  5 bats
  2 endoplasms (D:2)
  4 giant cockroaches
  6 goblins
  5 hobgoblins
  6 jackals
  7 kobolds
  A quokka (D:3)
  8 ball pythons
  6 frilled lizards
  A rat (D:3)
62 creatures vanquished.

Notes
Turn   | Place    | Note
-------+----------+-------------------------------------------
     0 | D:1      | qw the Deep Elf Hunter began the quest for the Orb.
     0 | D:1      | Reached XP level 1. HP: 12/12 MP: 3/3
     0 | D:1      | 0 ||| qw: Version: 0.3-a-160-g6735b56
     0 | D:1      | 0 ||| qw: Game counter: 6451
     0 | D:1      | 0 ||| qw: Melee chars always use a shield: true
     0 | D:1      | 0 ||| qw: God list: Okawaru
     0 | D:1      | 0 ||| qw: Allow faded altars: false
     0 | D:1      | 0 ||| qw: Do Orc after clearing Dungeon:15 true
     0 | D:1      | 0 ||| qw: Do second Lair branch before Depths: true
     0 | D:1      | 0 ||| qw: Lair rune preference: random
     0 | D:1      | 0 ||| qw: Goals: Normal
     0 | D:1      | 0 ||| PLANNING D:1-11
   107 | D:1      | Reached XP level 2. HP: 16/16 MP: 4/4
   111 | D:1      | Reached skill level 6 in Ranged Weapons
   301 | D:1      | Found a faded altar of an unknown god.
   513 | D:1      | 513 ||| UPGRADING to +0 cloak.
   518 | D:1      | 518 ||| READING scroll labelled VETSEF SEIZ.
   521 | D:1      | 521 ||| DROPPING scroll of butterflies.
   790 | D:2      | Reached XP level 3. HP: 20/20 MP: 5/5
   808 | D:2      | Reached skill level 7 in Ranged Weapons
   823 | D:2      | 823 ||| FLEEEEING.
   824 | D:2      | 824 ||| FLEEEEING.
   825 | D:2      | 825 ||| FLEEEEING.
   826 | D:2      | 826 ||| FLEEEEING.
   827 | D:2      | 827 ||| FLEEEEING.
   828 | D:2      | 828 ||| FLEEEEING.
   829 | D:2      | 829 ||| FLEEEEING.
   830 | D:2      | 830 ||| FLEEEEING.
   831 | D:2      | 831 ||| FLEEEEING.
   851 | D:2      | Reached XP level 4. HP: 16/25 MP: 6/6
  1238 | D:2      | 1238 ||| UPGRADING to +0 ring mail.
  1248 | D:2      | 1248 ||| DROPPING +0 leather armour.
  1249 | D:2      | 1249 ||| READING scroll labelled JOORPH RORIM.
  1250 | D:2      | 1250 ||| DRINKING 2 green potions.
  1553 | D:3      | Found an opulent altar of Gozag.
  1882 | D:3      | Found a runed translucent door.
  1883 | D:3      | Noticed Crazy Yiuf
  1963 | D:3      | 1963 ||| UPGRADING to +0 pair of gloves.
  1968 | D:3      | 1968 ||| UPGRADING to ring of poison resistance.
  1969 | D:3      | 1969 ||| READING 2 scrolls labelled ITURIL XOZUCA.
  1969 | D:3      | 1969 ||| IDENTIFYING fizzy golden potion
  1970 | D:3      | 1970 ||| READING scroll of identify.
  1970 | D:3      | 1970 ||| IDENTIFYING fizzy orange potion
  1971 | D:3      | 1971 ||| READING scroll labelled GOUJUSU ONAE.
  1972 | D:3      | 1972 ||| DRINKING 2 inky potions.
  1973 | D:3      | 1973 ||| DROPPING potion of attraction.
  2041 | D:4      | Reached skill level 8 in Ranged Weapons
  2066 | D:4      | HP: 4/25 [something/puff of flame (8)]
  2067 | D:4      | Killed from afar by an orc wizard

Levels and vault maps discovered:
D:1:      nzn_arrival_settlement, layout_rooms, basic_ecumenical_altar,
          minmay_misc_feat_ornament, hex_intersection
D:2:      layout_loops_ring
D:3:      layout_loops_ring, grunt_gozag_statues, uniq_crazy_yiuf_cottage
D:4:      layout_basic

Skill      XL: |  1  2  3  4 |
---------------+-------------+-----
Ranged Weapons | 6 7 8 |  8.1
Fighting       | |  1.5
Dodging        | |  2.4
Stealth        | |  1.2

Action                     |  1- 3 |  4- 6 || total
---------------------------+-------+-------++-------
   Fire: Shortbow          |    95 |    96 ||   191
    Use: Scroll            |     1 |     4 ||     5
         Potion            |       |     2 ||     2
 Armour: Leather armour    |    21 |     3 ||    24
         Ring mail         |       |    29 ||    29
  Dodge: Dodged            |    28 |    25 ||    53

Table legend:
 A = Non-vault XP
 B = Vault XP
 C = Vault XP percentage of total XP
 D = Non-vault monster count
 E = Vault monster count
 F = Vault count percentage of total count
                 A         B        C        D         E       F
            +---------+---------+-------+---------+---------+-------
      Total |     164 |       0 |   0.0 |      62 |       0 |   0.0
            +---------+---------+-------+---------+---------+-------
        D:1 |      35 |       0 |   0.0 |      21 |       0 |   0.0
        D:2 |      81 |       0 |   0.0 |      14 |       0 |   0.0
        D:3 |      29 |       0 |   0.0 |      18 |       0 |   0.0
        D:4 |      19 |       0 |   0.0 |       9 |       0 |   0.0
            +---------+---------+-------+---------+---------+-------
